Map: Frozen Temple

Players

Kaotik

  • Race: Protoss Protoss
  • League: Gold

thms - Winner!

  • Race: Zerg Zerg
  • League: Gold

VOD

Have the link to the VOD?

Description

Just for MCanning to pick apart so I can learn

Time

  • Played on: April 7, 2016, 12:11 p.m.
  • Length: 12:43
Show
View Real Time Build Order
Export as new Build Order

Kaotik Protoss 

Build Orders: 1 Gate Expand 

Get SALT Encoding   

  12  0:01  Probe (Chrono Boost)  
  13  0:11  Probe (Chrono Boost)  
  14  0:24  Pylon  
  14  0:30  Probe (Chrono Boost)  
  15  0:42  Probe (Chrono Boost)  
  16  0:45  Gateway  
  16  0:57  Probe (Chrono Boost)  
  16  1:03  Assimilator  
  17  1:08  Probe (Chrono Boost)  
  18  1:21  Probe (Chrono Boost)  
  19  1:32  Probe (Chrono Boost)  
  20  1:44  Nexus  
  20  1:46  Cybernetics Core  
  20  1:50  Pylon  
  21  1:54  Probe (Chrono Boost)  
  21  2:11  Assimilator  
  21  2:17  Gateway  
  21  2:20  Gateway  
  21  2:24  Probe (Chrono Boost)  
  24  2:36  Mothership Core (Chrono Boost)  
  24  2:38  Zealot  
  26  2:52  Pylon  
  26  2:55  Probe (Chrono Boost)  
  27  3:02  Warp Gate (Chrono Boost)  
  28  3:05  Probe (Chrono Boost)  
  28  3:13  Adept x2  
  28  3:16  Probe (Chrono Boost)  
  30  3:24  Adept  
  30  3:26  Probe (Chrono Boost)  
  33  3:32  Probe (Chrono Boost)  
  34  3:35  Probe (Chrono Boost)  
  35  3:43  Probe  
  35  3:46  Probe  
  37  3:50  Robotics Facility  
  37  3:52  Pylon  
  37  3:56  Probe  
  37  3:58  Probe  
  39  4:10  Probe  
  39  4:11  Probe  
  41  4:17  Assimilator  
  41  4:20  Probe  
  41  4:24  Probe  
  43  4:25  Gateway  
  43  4:27  Gateway  
  43  4:30  Twilight Council  
  43  4:34  Probe  
  43  4:35  Assimilator  
  43  4:36  Probe  
  45  4:59  Probe, Immortal  
  49  5:01  Probe  
  51  5:23  Probe  
  51  5:25  Probe  
  53  5:29  Pylon  
  53  5:43  Stalker x2  
  53  5:44  Stalker x2  
  53  5:48  Probe x2  
  63  5:55  Blink  
  61  6:06  Probe x2, Immortal (Chrono Boost)  
  67  6:15  Pylon  
  67  6:18  Probe x2  
  69  6:34  Stalker x3  
  69  6:35  Stalker  
  69  6:36  Pylon, Nexus  
  69  6:38  Pylon  
  77  6:41  Pylon  
  77  6:52  Forge  
  77  6:54  Forge  
  77  6:55  Gateway  
  77  7:00  Immortal (Chrono Boost)  
  81  7:04  Probe  
  81  7:07  Probe  
  83  7:17  Stalker x2  
  83  7:18  Stalker x2  
  83  7:19  Stalker  
  93  7:46  Photon Cannon  
  93  7:49  Photon Cannon  
  93  7:53  Probe x2, Assimilator  
  93  7:56  Assimilator  
  95  7:59  Protoss Ground Weapons Level 1, Protoss Ground Armor Level 1  
  95  8:01  Templar Archives  
  73  8:25  Robotics Facility  
  73  8:26  Robotics Bay  
  59  8:29  Probe  
  59  8:30  Probe  
  56  8:35  Immortal (Chrono Boost), Stalker x3  
  56  8:36  Stalker x2  
  56  8:37  Stalker  
  67  8:41  Mothership Core  
  69  9:12  Pylon  
  69  9:17  Disruptor (Chrono Boost)  
  75  9:19  Probe x2  
  75  9:20  Disruptor (Chrono Boost)  
  75  9:23  Photon Cannon  
  77  9:25  Gateway x2  
  77  9:30  Probe, Photon Cannon  
  77  9:32  Probe x2  
  80  9:48  Disruptor (Chrono Boost)  
  80  9:49  Sentry x3  
  80  9:52  Sentry, Stalker  
  97  9:55  Stalker  
  97  9:56  Immortal (Chrono Boost)  
  99  10:02  Probe  
  99  10:04  Probe x2  
  102  10:15  Robotics Facility  
  66  11:01  Colossus (Chrono Boost)  
  66  11:02  Extended Thermal Lance (Chrono Boost)  
  66  11:03  Charge  
  66  11:04  Zealot x5  
  80  11:05  Zealot  
  80  11:08  Colossus (Chrono Boost)  
  80  11:09  Probe  
  95  11:18  Immortal (Chrono Boost)  
  95  11:21  Zealot x2  
  101  11:47  Observer (Chrono Boost), Mothership Core  
  101  11:52  Observer (Chrono Boost)  
  79  12:22  Zealot x4  
  75  12:23  Zealot x4  
Show
View Real Time Build Order
Export as new Build Order

thms Zerg - Winner!

Build Orders: Hatch First, Lurkers 

Get SALT Encoding   

  12  0:01  Drone  
  13  0:12  Overlord  
  13  0:18  Drone  
  14  0:31  Drone x2  
  14  0:35  Drone  
  17  0:58  Extractor  
  17  1:02  Hatchery  
  17  1:03  Drone  
  16  1:05  Drone  
  16  1:09  Extractor  
  16  1:10  Drone  
  17  1:26  Spawning Pool  
  17  1:28  Drone  
  17  1:32  Drone  
  18  1:40  Drone  
  19  1:50  Overlord  
  19  2:14  Zergling x4  
  19  2:15  Queen  
  21  2:17  Queen  
  21  2:19  Drone  
  21  2:22  Metabolic Boost  
  26  2:31  Drone x2  
  26  2:34  Overlord  
  28  2:49  Drone x3  
  31  2:54  Queen  
  31  2:57  Drone x2  
  35  3:21  Drone  
  35  3:22  Drone x3  
  39  3:31  Extractor  
  38  3:35  Drone x2  
  38  3:38  Drone  
  38  3:40  Zergling x2  
  38  3:41  Zergling x4  
  44  3:45  Overlord  
  44  3:46  Overlord  
  43  4:03  Queen  
  44  4:15  Drone x2  
  46  4:21  Drone  
  46  4:24  Drone x2, Extractor  
  48  4:25  Drone x3, Extractor  
  48  4:27  Hatchery  
  48  4:28  Lair  
  49  4:32  Roach Warren  
  48  4:47  Extractor  
  48  4:48  Drone x3  
  48  4:49  Drone  
  50  5:02  Drone x3  
  50  5:03  Drone  
  55  5:07  Drone x2  
  56  5:17  Overlord x3  
  56  5:25  Roach  
  56  5:26  Roach  
  60  5:39  Roach  
  60  5:40  Roach x5  
  72  5:46  Drone x3  
  75  5:53  Queen  
  77  6:06  Drone x2  
  77  6:07  Drone x5  
  84  6:13  Glial Reconstitution  
  84  6:18  Hydralisk Den  
  84  6:20  Evolution Chamber  
  84  6:21  Drone, Evolution Chamber  
  84  6:22  Drone x2  
  84  6:26  Spore Crawler  
  84  6:28  Spore Crawler  
  84  6:30  Spore Crawler  
  81  6:45  Drone x7  
  88  6:47  Drone  
  88  6:49  Overlord  
  88  6:50  Overlord x2  
  88  6:51  Overlord  
  88  6:52  Lurker Den  
  88  6:54  Zerg Missile Weapons Level 1, Zerg Ground Armor Level 1  
  89  6:57  Overseer x3  
  89  7:08  Roach x4  
  97  7:09  Roach x6  
  109  7:31  Hydralisk  
  109  7:32  Hydralisk x5  
  109  7:35  Overlord x3  
  109  7:36  Hatchery, Overlord x2  
  120  7:51  Hydralisk  
  120  7:54  Hydralisk  
  120  7:55  Hydralisk x5  
  134  7:59  Overlord x3  
  125  8:18  Extractor  
  90  8:35  Hatchery, Drone x2  
  90  8:36  Drone  
  90  8:37  Drone, Hydralisk  
  90  8:38  Hydralisk x11  
  117  8:46  Lurker x4  
  121  8:59  Drone  
  122  9:04  Zerg Missile Weapons Level 2  
  122  9:05  Zerg Ground Armor Level 2  
  122  9:11  Infestation Pit  
  121  9:24  Hydralisk  
  121  9:25  Hydralisk x5  
  121  9:27  Zergling x2  
  121  9:28  Zergling x4  
  136  9:34  Overseer  
  136  9:38  Overseer  
  136  9:42  Extractor x2  
  134  9:48  Queen  
  134  9:50  Drone x5  
  141  10:01  Hive  
  141  10:03  Pathogen Glands  
  141  10:18  Drone x4  
  141  10:19  Drone x2  
  141  10:20  Overlord x5  
  147  10:23  Zergling x2  
  147  10:24  Zergling x4  
  133  11:02  Zergling x2  
  133  11:03  Zergling x24  
  143  11:05  Queen  
  145  11:15  Ultralisk Cavern  
  144  11:46  Hydralisk x6  
  144  11:47  Hydralisk x10  
  145  12:38  Lurker x3  
Tags
 
Add a new tag
Caveats
  • Supply blocks, unpowered buildings, or Contaminate may cause inaccurate times.
  • Supply counts are checked every 10 seconds.